 Dungeon Crawl Stone Soup version 0.28.0-43-g3370ac3207 (webtiles) character file.

Game seed: 9143364877380860856

9909 crimpus the Cleaver (level 11, -5/99 HPs)
             Began as a Minotaur Fighter on Mar 20, 2022.
             Was a Believer of the Shining One.
             Slain by a spriggan
             ... wielding a +0 trident
              (11 damage)
             ... in a bailey.
             The game lasted 00:18:51 (13661 turns).

crimpus the Cleaver (Minotaur Fighter)             Turns: 13661, Time: 00:18:52

Health: -5/99      AC: 19    Str: 32    XL:     11   Next: 29%
Magic:  10/10      EV:  7    Int:  5    God:    the Shining One [**....]
Gold:   410        SH: 10    Dex:  9    Spells: 10/10 levels left

rFire   + . .      SeeInvis .   a - +0 war axe
rCold   . . .      Faith    .   s - +0 kite shield
rNeg    + . .      Spirit   .   q - +0 plate armour
rPois   .          Reflect  .   e - +2 hat
rElec   .          Harm     .   i - scarf {repulsion}
rCorr   .          Rampage  .   (no gloves)
Will    .....                   B - +1 pair of boots {Fly}
Stlth   ..........              (no amulet)
HPRegen 0.26/turn               y - +6 ring of strength
MPRegen 0.12/turn               x - ring of protection from fire

@: mighty, flying, glowing, repel missiles
A: horns 2, retaliatory headbutt
a: Renounce Religion, Divine Shield


You were in a bailey.
You worshipped the Shining One.
The Shining One was pleased with you.
You visited 2 branches of the dungeon, and saw 11 of its levels.
You also visited: Bailey.

You collected 410 gold pieces.

Inventory:

Hand Weapons
 a - a +0 war axe (weapon)
Armour
 e - a +2 hat (worn)
 i - a scarf of repulsion (worn)
 q - a +0 plate armour (worn)
 s - a +0 kite shield (worn)
 B - a +1 pair of boots of flying (worn)
Jewellery
 f - a ring of fire
 x - a ring of protection from fire (right hand)
 y - a +6 ring of strength (left hand)
 C - a ring of protection from cold
Wands
 l - a wand of charming (8)
 p - a wand of paralysis (4)
 t - a wand of iceblast (7)
 A - a wand of acid (7)
 G - a wand of polymorph (4)
Scrolls
 k - a scroll of amnesia
 m - a scroll of blinking
 o - 2 scrolls of teleportation
 r - 2 scrolls of enchant weapon {unknown}
 u - 2 scrolls of silence
 D - a scroll of fog {unknown}
 E - a scroll of acquirement {unknown}
Potions
 b - a potion of flight
 c - 2 potions of curing
 g - a potion of lignification
 h - 3 potions of brilliance
 j - a potion of haste
 n - a potion of resistance
 v - 2 potions of cancellation {unknown}
 w - 5 potions of mutation {unknown}
 z - 2 potions of attraction {unknown}
 F - a potion of invisibility {unknown}


   Skills:
 + Level 9.7 Fighting
 + Level 14.1 Axes
 + Level 11.2 Armour
 + Level 8.7 Shields


You had 10 spell levels left.
You didn't know any spells.
Your spell library contained the following spells:

 Spells                   Type           Power      Damage    Failure   Level
 Freeze                   Ice            0%         1d3       100%        1
 Ensorcelled Hibernation  Hex/Ice        0%         N/A       100%        2
 Passwall                 Tmut/Erth      0%         N/A       100%        2
 Scorch                   Fire           0%         2d5       100%        2
 Frozen Ramparts          Ice            0%         1d2       100%        3
 Swiftness                Air            0%         N/A       100%        3
 Flame Wave               Conj/Fire      0%         2d4       100%        4
 Hailstorm                Conj/Ice       0%         3d3       100%        4
 Summon Cactus Giant      Summ           0%         N/A       100%        6


Dungeon Overview and Level Annotations

Branches:
Dungeon (10/15)            Temple (1/1) D:7             Orc (0/2) D:9
 Bailey (1/1)
   Lair: D:8-11

Altars:
Cheibriados
Dithmenos
Elyvilon
Fedhas
Gozag
Kikubaaqudgha
Okawaru
Ru
Uskayaw
Vehumet
Xom
Yredelemnul
Zin
The Shining One

Shops:
D:5 [   D:6 *   D:8 !


Innate Abilities, Weirdness & Mutations

You have a pair of horns on your head.
You reflexively headbutt those who attack you in melee.


Message History

Okay, then.
Unknown command.
The spriggan barely misses you.
Things that are here:
a +0 trident; a potion of haste; a scroll labelled MORRON YROMAI The ogre hits you with a +0 glaive!
Things that are here:
a +0 trident; a potion of haste; a scroll labelled MORRON YROMAI You slice the ogre!!
You kill the ogre!
You hear a splash.
You block the spriggan's attack.
The spriggan hits you from afar with a +0 trident!
* * * LOW HITPOINT WARNING * * *
The spriggan hits you with a +0 trident.
* * * LOW HITPOINT WARNING * * *
The spriggan hits you with a +0 trident!!
* * * LOW HITPOINT WARNING * * *
Things that are here:
a +0 glaive; an ogre corpse You feel better.
The spriggan hits you with a +0 trident!
* * * LOW HITPOINT WARNING * * *
The spriggan splashes around in the water.
The spriggan splashes around in the water.
You block the spriggan's attack.
Things that are here:
a +0 trident; a potion of haste; a scroll labelled MORRON YROMAI The spriggan barely misses you.
You feel better.
The spriggan hits you but does no damage.
The spriggan hits you from afar with a +0 trident!
* * * LOW HITPOINT WARNING * * *
You block the spriggan's attack.
Blink to where?
Press: ? - help, Dir - move target
As you read the scroll of blinking, it crumbles to dust.
The spriggan barely misses you.
The spriggan hits you from afar with a +0 trident!
You die...

##...## #..# ..
..## #.....#
##..# .. #..##
##.....###..# .
#...#
#...∩..≈≈≈..#
♣.#...#
#......≈≈≈..#
♣.#≈..#
#......≈≈≈..#
♣.)≈..#
#......))≈..#
#)..#
#...∩.))≈≈..♣
♣)i.#
##.....###.@♣#
#.i.# #.....#
##..## ##§.##
##...## ##.i#♣
##..## ##.##
##.i#######..##
###
##....i....##
##.......##
#########


You could see 2 spriggans.

Vanquished Creatures
  2 two-headed ogres
  A deep elf pyromancer (D:8)
  A cyclops (D:9)
  An ugly thing (D:8)
  A komodo dragon (D:6)
  Grinder (D:5)
  Eustachio (D:6)
  5 spriggans (Bailey)
  2 shadows (D:9)
  3 yaks (D:8)
  Grum (D:9)
  A steam dragon (D:8)
  Menkaure (D:5)
  4 water moccasins
  3 black bears
  A hornet zombie (D:8)
  3 ice beasts
  A sky beast (D:6)
  3 orc warriors
  3 necrophages
  2 wolves (D:9)
  8 ogres
  3 centaurs
  3 phantoms
  2 kobold brigands (D:8)
  2 wyvern zombies
  A gnoll sergeant (D:9)
  2 scorpions (D:5)
  A water moccasin skeleton (D:6)
  2 wyvern skeletons
  A troll zombie (D:9)
  4 killer bees
  2 wights (D:10)
  3 electric eels (D:6)
  A bullfrog zombie (D:6)
  2 centaur zombies
  3 hounds
  A jelly (D:4)
  5 orc priests
  5 iguanas
  7 orc wizards
  A killer bee zombie (D:9)
  3 ogre zombies (D:9)
  A hound zombie (D:5)
  17 gnolls
  4 adders
  An ufetubus (D:4)
  An adder skeleton (D:4)
  6 worms
  3 dart slugs
  23 orcs
  9 ball pythons
  5 endoplasms
  A giant cockroach (D:1)
  6 goblins
  4 hobgoblins
  3 jackals (D:5)
  A quokka (D:5)
  5 bats
  3 frilled lizards (D:3)
  A goblin skeleton (D:9)
  2 hobgoblin zombies (D:9)
  13 kobolds
  An orc skeleton (D:9)
  10 orc zombies (D:9)
  2 rats
225 creatures vanquished.

Vanquished Creatures (others)
  21 plants
21 creatures vanquished.

Grand Total: 246 creatures vanquished

Notes
Turn   | Place    | Note
-------+----------+-------------------------------------------
     0 | D:1      | crimpus the Minotaur Fighter began the quest for the Orb.
     0 | D:1      | Reached XP level 1. HP: 19/19 MP: 0/0
   149 | D:1      | Reached XP level 2. HP: 25/27 MP: 1/1
   340 | D:1      | You fall into a shaft and drop 1 floor!
   363 | D:2      | Found a faded altar of an unknown god.
   457 | D:2      | Found a blossoming altar of Fedhas.
  1022 | D:2      | Reached XP level 3. HP: 33/33 MP: 2/2
  1051 | D:2      | Reached skill level 3 in Axes
  1891 | D:3      | Found a sacrificial altar of Ru.
  2617 | D:4      | Reached XP level 4. HP: 40/40 MP: 3/3
  3014 | D:4      | Reached skill level 4 in Axes
  3378 | D:4      | Noticed an ogre
  3384 | D:4      | Killed an ogre
  3385 | D:4      | Reached XP level 5. HP: 47/47 MP: 4/4
  3440 | D:4      | Noticed a black bear
  3445 | D:4      | Reached skill level 5 in Armour
  3446 | D:4      | Killed a black bear
  3447 | D:4      | Reached skill level 5 in Axes
  3447 | D:4      | Reached XP level 6. HP: 51/53 MP: 5/5
  3552 | D:4      | Reached skill level 5 in Fighting
  3552 | D:4      | Reached skill level 6 in Axes
  3884 | D:4      | Reached XP level 7. HP: 55/61 MP: 6/6
  4023 | D:5      | Entered Level 5 of the Dungeon
  4023 | D:5      | Noticed Menkaure
  4028 | D:5      | Reached skill level 7 in Axes
  4064 | D:5      | Noticed Grinder
  4321 | D:5      | Reached skill level 8 in Axes
  4326 | D:5      | Reached XP level 8. HP: 57/69 MP: 7/7
  4335 | D:5      | Reached skill level 5 in Shields
  4485 | D:5      | Paralysed by Grinder for 4 turns
  4505 | D:5      | Killed Grinder
  4506 | D:5      | Reached skill level 9 in Axes
  4609 | D:5      | Killed Menkaure
  5079 | D:5      | Found Monasamm's Armour Emporium.
  5474 | D:5      | Reached skill level 10 in Axes
  5891 | D:6      | Found Penn's Assorted Antiques.
  6132 | D:6      | Reached XP level 9. HP: 77/78 MP: 8/8
  6186 | D:6      | Noticed Eustachio
  6221 | D:6      | Killed Eustachio
  7047 | D:6      | Reached skill level 11 in Axes
  7214 | D:6      | Noticed a komodo dragon
  7236 | D:6      | Killed a komodo dragon
  9308 | D:7      | Found a staircase to the Ecumenical Temple.
  9326 | Temple   | Entered the Ecumenical Temple
  9337 | Temple   | Became a worshipper of the Shining One
  9799 | D:8      | Noticed a two-headed ogre
  9805 | D:8      | Killed a two-headed ogre
  9806 | D:8      | Reached skill level 12 in Axes
  9806 | D:8      | Reached XP level 10. HP: 54/88 MP: 9/9
 10300 | D:8      | Found Ilithrudd's Distillery.
 10510 | D:8      | Noticed a green ugly thing
 10525 | D:8      | Killed a green ugly thing
 10526 | D:8      | Reached skill level 10 in Armour
 11574 | D:9      | Found a staircase to the Orcish Mines.
 11575 | D:9      | Reached * piety under the Shining One
 11601 | D:9      | Reached ** piety under the Shining One
 11633 | D:8      | Reached skill level 13 in Axes
 12215 | D:9      | Noticed a cyclops
 12225 | D:9      | Killed a cyclops
 12310 | D:9      | Noticed Grum
 12321 | D:9      | Killed Grum
 12899 | D:9      | Noticed a deep elf pyromancer
 13347 | D:8      | Killed a deep elf pyromancer
 13348 | D:8      | Reached XP level 11. HP: 95/97 MP: 10/10
 13390 | D:10     | Entered Level 10 of the Dungeon
 13468 | D:10     | Found a flagged portal.
 13480 | Bailey   | Entered a bailey
 13627 | Bailey   | Noticed a two-headed ogre
 13628 | Bailey   | Reached skill level 14 in Axes
 13633 | Bailey   | Killed a two-headed ogre
 13647 | Bailey   | HP: 3/99 [spriggan/+0 trident (18)]
 13661 | Bailey   | Slain by a spriggan

Illustrated notes

Levels and vault maps discovered:
D:1:      dpeg_arrival_pond, layout_basic, serial_shops, shop,
          chequers_serial_rivers_micro_d
D:2:      layout_loops_cross, basic_altar, nicolae_ecumenical_lake_church
D:3:      layout_basic, nicolae_overflow_hidden_temple, grunt_ministairs_6,
          wad_woods_river_04
D:4:      layout_rooms, kennysheep_dice
D:5:      layout_layer_cave, serial_shops,
          nicolae_shop_competitors_out_of_business, minmay_stone_trees_small,
          nicolae_fountain_basement, uniq_menkaure, uniq_grinder
D:6:      layout_loops_ring, serial_shops, shop, chequers_big_river,
          kennysheep_generic_room_16, uniq_eustachio
D:7:      layout_basic, minmay_temple_entry_mist, kennysheep_decorative_pillar
D:8:      layout_loops_corners, serial_shops, shop
D:9:      layout_cave_pools, zombieorc2_lemuel, uniq_grum
D:10:     layout_loops_ring, enter_bailey_5, uniq_maurice
Temple:   grunt_wide_crystal_templ
Bailey:   bailey_polearm_enchanted_keep_hellmonk, bailey

Skill      XL: |  1  2  3  4  5  6  7  8  9 10 11 |
---------------+----------------------------------+-----
Shields        | 4 5 7 8 |  8.7
Fighting       | 4 5 6 8 9 |  9.7
Armour         | 4 5 6 7 9 10 11 | 11.2
Axes           | 3 4 5 6 8 10 12 13 14 | 14.1

Action                   |  1- 3 |  4- 6 |  7- 9 | 10-12 || total
-------------------------+-------+-------+-------+-------++-------
Melee: War axe           |   140 |    54 |   264 |   229 ||   687
       Headbutt          |    29 |     9 |    58 |    47 ||   143
Evoke: Wand              |       |       |     1 |       ||     1
  Use: Potion            |     1 |     1 |     1 |     6 ||     9
       Scroll            |     4 |     5 |     5 |     1 ||    15
 Stab: Distracted        |       |       |     1 |       ||     1
Armor: Scale mail        |    13 |       |       |       ||    13
       Chain mail        |    18 |       |       |       ||    18
       Skin              |     1 |       |       |       ||     1
       Plate armour      |    11 |    36 |   184 |   102 ||   333
Dodge: Dodged            |    30 |    26 |    91 |    55 ||   202
       Repelled          |       |       |     1 |     1 ||     2
Block: Buckler           |    21 |       |       |       ||    21
       Kite shield       |       |     9 |   115 |   113 ||   237
